 Dungeon Crawl Stone Soup version 0.22.1-1-ga44c0e56f4 (webtiles) character file.

429 Gargoyl the Skirmisher (level 6, -1/52 HPs)
             Began as a Centaur Abyssal Knight on Oct 13, 2018.
             Was a Priest of Lugonu.
             Killed from afar by an orc wizard (5 damage)
             ... with a magic dart
             ... on level 4 of the Dungeon.
             The game lasted 00:08:18 (3874 turns).

Gargoyl the Skirmisher (Centaur Abyssal Knight)     Turns: 3874, Time: 00:08:19

Health: -1/52      AC: 11    Str: 15    XL:     6   Next: 66%
Magic:  4/8        EV:  4    Int: 11    God:    Lugonu [***...]
Gold:   270        SH:  0    Dex: 10    Spells: 5/5 levels left

rFire    x . .     SeeInvis .   a - +3 hand axe
rCold    + . .     Gourm    .   (no shield)
rNeg     . . .     Faith    .   m - +0 chain mail
rPois    .         Spirit   .   f - +2 helmet
rElec    .         Reflect  .   (no cloak)
rCorr    .         Harm     .   (no gloves)
MR       .....                  (no barding)
Stlth    ..........             (no amulet)
HPRegen  0.17/turn              l - ring of ice (curse)
MPRegen  0.11/turn              (no ring)

@: very quick
A: large, hooves 3, deformed body, speed 2, tough skin 3
a: Depart the Abyss, Bend Space, Banish, Renounce Religion


You were on level 4 of the Dungeon.
You worshipped Lugonu.
Lugonu was most pleased with you.
You were hungry.

You visited 1 branch of the dungeon, and saw 4 of its levels.
You visited the Abyss 1 time.

You collected 270 gold pieces.

Inventory:

Hand Weapons
 a - a +3 hand axe (weapon)
Armour
 f - a +2 helmet (worn)
 m - a +0 chain mail (worn)
Jewellery
 l - a cursed ring of ice (left hand)
Scrolls
 e - a scroll of enchant armour
 k - a scroll of fear
 p - 2 scrolls of identify
 s - a scroll of teleportation
 u - a scroll of fog
Potions
 b - a potion of curing {unknown}
 d - a potion of magic {unknown}
 g - a potion of cancellation
 h - a potion of might {unknown}
 i - a potion of ambrosia {unknown}
 j - 3 potions of lignification {unknown}
 n - a potion of berserk rage {unknown}
 o - a potion of agility {unknown}
 r - a potion of heal wounds {unknown}
 t - a potion of brilliance {unknown}
Comestibles
 c - 5 rations


   Skills:
 + Level 4.3 Fighting
 + Level 3.8 Axes
 * Level 3.3 Armour
 + Level 0.9 Dodging
 * Level 3.3 Invocations


You had 5 spell levels left.
You didn't know any spells.
Your spell library was empty.

Dungeon Overview and Level Annotations

Branches:
Dungeon (4/15)             Temple (0/1) D:4

Altars:
Qazlal


Innate Abilities, Weirdness & Mutations

You have hooves in place of feet.
Armour fits poorly on your strangely shaped body.
You cover ground very quickly.
You have extremely tough skin. (AC +3)


Message History

Press: ? - help, Shift-Dir - straight line, f - orc warrior
Aim: an orc warrior, wielding a battleaxe and wearing a plate armour (lightly You fail to use your ability.
The orc warrior hits you with a battleaxe.
* * * LOW HITPOINT WARNING * * *
You hear some strange, mumbled words.
Press: ? - help, Shift-Dir - straight line, f/p - orc warrior
Aim: an orc warrior, wielding a battleaxe and wearing a plate armour (lightly You fail to use your ability.
The orc warrior hits you with a battleaxe.
* * * LOW HITPOINT WARNING * * *
Press: ? - help, Shift-Dir - straight line, f/p - orc warrior
Aim: an orc warrior, wielding a battleaxe and wearing a plate armour (lightly The orc warrior is devoured by a tear in reality.
Lugonu claims a new guest.
You are feeling hungry.
The orc barely misses you.
A magic dart appears from out of thin air!
The magic dart hits you!
You die...

#.#....###...###. #.
#.#....#E#...#E#.
##.#.##.#....###...###.
#....##.#..............
#..%.##.#........_.....
#....##................
#........#...###...###.
#..o####.#..##E#...#E##
#..ยง{.@.....####...##
#..o##...#.##.......#.#
#...##...#.##(......#.# #+##
#...##...#.##.......#.# ...!.
#.o.##...#.....###.#...
......#...##...#####.# #.#...
......o...##....# #.# #.#...
.....o#...##....# #.###.....
..o...###.##....####.[....)..


You could see 2 orcs.

Vanquished Creatures
  A phantom (D:4)
  A bullfrog skeleton (D:4)
  An orc wizard (D:4)
  Terence (D:1)
  A worker ant (D:2)
  A hound skeleton (D:4)
  Robin (D:2)
  5 adders
  2 worms
  6 dart slugs
  A leopard gecko (D:2)
  5 orcs (D:4)
  2 bats (D:1)
  2 giant cockroaches
  18 goblins
  13 hobgoblins
  4 jackals
  7 kobolds
  A quokka (D:2)
  3 ball pythons (D:1)
  3 frilled lizards
  A quokka skeleton (D:4)
  7 rats
87 creatures vanquished.

Vanquished Creatures (others)
  An orc warrior (D:4)
1 creature vanquished.

Grand Total: 88 creatures vanquished

Notes
Turn   | Place    | Note
-------+----------+-------------------------------------------
     0 | Abyss:1  | Gargoyl the Centaur Abyssal Knight began the quest for the
                  | Orb.
     0 | Abyss:1  | Reached XP level 1. HP: 19/19 MP: 2/2
     6 | Abyss:2  | Found a corrupted altar of Lugonu.
    28 | Abyss:2  | Found a corrupted altar of Lugonu.
    80 | Abyss:3  | Found a corrupted altar of Lugonu.
   132 | Abyss:3  | Noticed a large abomination
   185 | Abyss:3  | Noticed a large abomination
   207 | Abyss:3  | Noticed a starcursed mass
   210 | Abyss:3  | Noticed a wretched star
   211 | Abyss:3  | Noticed a hellion
   212 | D:1      | Escaped the Abyss
   273 | D:1      | Reached * piety under Lugonu
   358 | D:1      | Reached XP level 2. HP: 24/26 MP: 2/2
   875 | D:1      | Reached XP level 3. HP: 33/33 MP: 3/3
  1359 | D:2      | Noticed Terence
  1484 | D:1      | Killed Terence
  1484 | D:1      | Reached XP level 4. HP: 34/40 MP: 3/5
  1537 | D:2      | Reached ** piety under Lugonu
  1537 | D:2      | Reached skill level 4 in Fighting
  1974 | D:2      | Reached XP level 5. HP: 44/46 MP: 6/6
  1991 | D:2      | Noticed Robin
  2017 | D:2      | Killed Robin
  3088 | D:3      | Reached *** piety under Lugonu
  3387 | D:4      | Noticed a phantom
  3417 | D:4      | Killed a phantom
  3417 | D:4      | Reached XP level 6. HP: 32/52 MP: 6/8
  3449 | D:4      | Found a staircase to the Ecumenical Temple.
  3547 | D:4      | Noticed an air elemental
  3549 | D:4      | Noticed a water elemental
  3557 | D:4      | Found a stormy altar of Qazlal.
  3564 | D:4      | Noticed a fire elemental
  3852 | D:4      | Noticed an orc warrior
  3873 | D:4      | Banished an orc warrior
  3874 | D:4      | Killed from afar by an orc wizard

Skill      XL: |  1  2  3  4  5 |
---------------+----------------+-----
Axes           | 2 3 |  3.8
Armour         | 2 3 |  3.3
Fighting       | 4 |  4.3
Invocations    | 3 |  3.3
Dodging        | |  0.9

Action                   |  1- 3 |  4- 6 || total
-------------------------+-------+-------++-------
Melee: Hand axe          |    69 |   159 ||   228
       Kick              |    17 |    35 ||    52
Invok: Depart the Abyss  |     1 |       ||     1
       Banish            |       |     1 ||     1
  Use: Scroll            |     5 |     6 ||    11
  Eat: Chunk             |     1 |     6 ||     7
Armor: Scale mail        |    45 |    10 ||    55
       Chain mail        |       |   113 ||   113
Dodge: Dodged            |    35 |    52 ||    87
